SAL
WEST VIRGINIA POWER @ CHARLESTON RIVERDOGS
09/05/2099
 
TOP OF THE 1ST
West Virginia Power batting - Pitching for Charleston RiverDogs : RHP Alan Coldiron
Pitching: RHP Alan Coldiron
Batting: RHB Ryan Fleming 0-0: Foul Ball, location: 5SF
0-1: Swinging Strike
0-2: Ball
1-2: Strikes out looking
Batting: RHB Bryan Gibson 0-0: Ball
1-0: Ball
2-0: Foul Ball, location: 23F
2-1: Foul Ball, location: 2F
2-2: Hit by Pitch
Batting: SHB Tom Marks 0-0: Foul Ball, location: 2F
0-1: Ball
1-1: Foul Ball, location: 2F
1-2: Ball
2-2: Foul Ball, location: 3F
2-2: Foul Ball, location: 5FF
2-2: Fly out, F4 (Popup, 4MS, EV 61.9 MPH)
Batting: RHB Alex Cabrera 0-0: Ball
1-0: Ball
2-0: Called Strike
2-1: Foul Ball, location: 5SF
2-2: DOUBLE (Flyball, 8LXD, EV 93.1 MPH)
Bryan Gibson to third
Batting: RHB Jerry Evans 0-0: Ball
1-0: Called Strike
1-1: Foul Ball, location: 7LMFF
1-2: Foul Ball, location: 2F
1-2: Foul Ball, location: 25F
1-2: Ball
2-2: Foul Ball, location: 2F
2-2: Ball
3-2: Base on Balls
Batting: RHB Jose Vidal 0-0: Ball
1-0: Fielders Choice at 2nd, 6-4 (Groundball, 6, EV 91.9 MPH)
Top of the 1st over - 0 runs, 1 hit, 0 errors, 3 left on base; West Virginia 0 - Charleston 0
BOTTOM OF THE 1ST
Charleston RiverDogs batting - Pitching for West Virginia Power : LHP Dave Felshaw
Pitching: LHP Dave Felshaw
Batting: RHB Joel Schwegman 0-0: Ground out 4-3 (Groundball, 4MS, EV 80.0 MPH)
Batting: LHB Danny Beyer 0-0: Ball
1-0: Called Strike
1-1: Ball
2-1: Swinging Strike
2-2: Strikes out swinging
Batting: RHB Manny Valadez 0-0: Called Strike
0-1: Fly out, F8 (Line Drive, 8RM, EV 95.0 MPH)
Bottom of the 1st over - 0 runs, 0 hits, 0 errors, 0 left on base; West Virginia 0 - Charleston 0
TOP OF THE 2ND
West Virginia Power batting - Pitching for Charleston RiverDogs : RHP Alan Coldiron
Pitching: RHP Dan Sain
Batting: RHB Jeremy Root 0-0: Foul Ball, location: 7LSFF
0-1: Ball
1-1: Called Strike
1-2: Fly out, F8 (Flyball, 89D, EV 100.0 MPH)
Batting: RHB Robert Valeriano 0-0: Ball
1-0: Foul Ball, location: 2F
1-1: SINGLE (Line Drive, 56, EV 96.9 MPH)
Batting: RHB Brian Chisholm 0-0: SINGLE (Groundball, 6MS, EV 68.1 MPH) (infield hit)
Robert Valeriano to second
Batting: RHB Ryan Fleming 0-0: Ball
1-0: Fly out, F8 (Flyball, 89D, EV 105.0 MPH)
Batting: RHB Bryan Gibson 0-0: Called Strike
0-1: Called Strike
0-2: Fly out, F7 (Flyball, 78S, EV 80.6 MPH)
Top of the 2nd over - 0 runs, 2 hits, 0 errors, 2 left on base; West Virginia 0 - Charleston 0
BOTTOM OF THE 2ND
Charleston RiverDogs batting - Pitching for West Virginia Power : LHP Dave Felshaw
Batting: RHB Mike Fritz 0-0: Foul Ball, location: 3F
0-1: Called Strike
0-2: Strikes out looking
Batting: RHB Jason Herrera 0-0: Called Strike
0-1: Foul Ball, location: 9LMFF
0-2: Foul Ball, location: 9LSF
0-2: Ball
1-2: Ball
2-2: SINGLE (Line Drive, 6D, EV 94.4 MPH)
Batting: LHB Jim Lohnes 0-0: Ball
1-0: Ball
2-0: Fly out, F8 (Flyball, 8RM, EV 93.1 MPH)
Batting: RHB Justin Andrews 0-0: Ball
1-0: Foul Ball, location: 9LDF
1-1: Ball
2-1: DOUBLE (Line Drive, 78D, EV 100.0 MPH)
Jason Herrera to third
Runner from 3rd tries for Home, SAFE, throw by CF to trailing runner, SAFE at third!
Batting: RHB Jim Taylor 0-0: Called Strike
0-1: Ball
1-1: Ball
2-1: Ground out 5-3 (Groundball, 5L, EV 102.5 MPH)
Bottom of the 2nd over - 1 run, 2 hits, 0 errors, 1 left on base; West Virginia 0 - Charleston 1
TOP OF THE 3RD
West Virginia Power batting - Pitching for Charleston RiverDogs : RHP Dan Sain
Batting: SHB Tom Marks 0-0: Called Strike
0-1: Fly out, F8 (Flyball, 8LXD, EV 103.1 MPH)
Batting: RHB Alex Cabrera 0-0: Foul Ball, location: 2F
0-1: Ball
1-1: Ball
2-1: Foul Ball, location: 9LMF
2-2: Fly out, F8 (Line Drive, 8RM, EV 99.4 MPH)
Batting: RHB Jerry Evans 0-0: Called Strike
0-1: Ball
1-1: Called Strike
1-2: Strikes out swinging
Top of the 3rd over - 0 runs, 0 hits, 0 errors, 0 left on base; West Virginia 0 - Charleston 1
BOTTOM OF THE 3RD
Charleston RiverDogs batting - Pitching for West Virginia Power : LHP Dave Felshaw
Batting: RHB Cody Gallagher 0-0: Ball
1-0: Swinging Strike
1-1: Foul Ball, location: 5SF
1-2: Ball
2-2: Strikes out swinging
Batting: RHB Joel Schwegman 0-0: Called Strike
0-1: Ball
1-1: SINGLE (Groundball, 6M, EV 76.9 MPH) (infield hit)
Batting: LHB Danny Beyer 0-0: Called Strike
0-1: Fielders Choice at 2nd, 1-6 (Groundball, 13S, EV 74.4 MPH)
Batting: RHB Manny Valadez 0-0: Called Strike
0-1: Ball
1-1: Ground out 5-3 (Groundball, 56S, EV 70.6 MPH)
Bottom of the 3rd over - 0 runs, 1 hit, 0 errors, 1 left on base; West Virginia 0 - Charleston 1
TOP OF THE 4TH
West Virginia Power batting - Pitching for Charleston RiverDogs : RHP Dan Sain
Batting: RHB Jose Vidal 0-0: Swinging Strike
0-1: Ball
1-1: Foul Ball, location: 9LDF
1-2: Ball
2-2: Ball
3-2: Strikes out swinging
Batting: RHB Jeremy Root 0-0: Called Strike
0-1: Ball
1-1: Ball
2-1: Ball
3-1: SINGLE (Groundball, P, EV 88.8 MPH) (infield hit)
Batting: RHB Robert Valeriano 0-0: Ball
1-0: Ball
2-0: Ball
3-0: Base on Balls
Jeremy Root to second
Batting: RHB Brian Chisholm 0-0: Ball
1-0: Called Strike
1-1: 3-RUN HOME RUN (Flyball, 9LD, EV 91.9 MPH), Distance : 347 ft
Batting: RHB Ryan Fleming 0-0: Ball
1-0: Ball
2-0: Ground out 5-3 (Groundball, 56, EV 87.5 MPH)
Batting: RHB Bryan Gibson 0-0: Called Strike
0-1: Fly out, F7 (Flyball, 7LSF, EV 94.4 MPH)
Top of the 4th over - 3 runs, 2 hits, 0 errors, 0 left on base; West Virginia 3 - Charleston 1
BOTTOM OF THE 4TH
Charleston RiverDogs batting - Pitching for West Virginia Power : LHP Dave Felshaw
Batting: RHB Mike Fritz 0-0: Called Strike
0-1: Ball
1-1: Fly out, F8 (Flyball, 78D, EV 98.1 MPH)
Batting: RHB Jason Herrera 0-0: Ball
1-0: Ball
2-0: Foul Ball, location: 9LSF
2-1: Fly out, F7 (Line Drive, 7S, EV 92.5 MPH)
Batting: LHB Jim Lohnes 0-0: Called Strike
0-1: Foul Ball, location: 9LDF
0-2: Ball
1-2: Foul Ball, location: 9LMF
1-2: Ball
2-2: Ground out 4-3 (Groundball, 34D, EV 95.0 MPH)
Bottom of the 4th over - 0 runs, 0 hits, 0 errors, 0 left on base; West Virginia 3 - Charleston 1
TOP OF THE 5TH
West Virginia Power batting - Pitching for Charleston RiverDogs : RHP Dan Sain
Batting: SHB Tom Marks 0-0: Ball
1-0: Called Strike
1-1: TRIPLE (Flyball, 89XD, EV 90.0 MPH)
Batting: RHB Alex Cabrera 0-0: SINGLE (Groundball, 56, EV 90.6 MPH)
Tom Marks scores
Batting: RHB Jerry Evans 0-0: Fly out, F4 (Popup, 34, EV 56.3 MPH)
Batting: RHB Jose Vidal 0-0: Fly out, F9 (Flyball, 9LM, EV 85.0 MPH)
Batting: RHB Jeremy Root 0-0: Ball
1-0: Swinging Strike
1-1: Foul Ball, location: 5FF
1-2: Strikes out looking
Top of the 5th over - 1 run, 2 hits, 0 errors, 1 left on base; West Virginia 4 - Charleston 1
BOTTOM OF THE 5TH
Charleston RiverDogs batting - Pitching for West Virginia Power : LHP Dave Felshaw
Batting: RHB Justin Andrews 0-0: Ball
1-0: Ball
2-0: Ground out 6-3 (Groundball, 6, EV 82.5 MPH)
Batting: RHB Jim Taylor 0-0: SOLO HOME RUN (Flyball, 7D, EV 103.1 MPH), Distance : 409 ft
Batting: RHB Cody Gallagher 0-0: Ball
1-0: Called Strike
1-1: SINGLE (Groundball, 4MS, EV 73.1 MPH) (infield hit)
Batting: RHB Joel Schwegman 0-0: Called Strike
0-1: SINGLE (Line Drive, 7LS, EV 93.8 MPH)
Cody Gallagher to second
Pitching: RHP Ricky Olague
Batting: LHB Danny Beyer 0-0: DOUBLE (Line Drive, 78D, EV 107.5 MPH)
Cody Gallagher scores
Joel Schwegman to third
Runner from 3rd tries for Home, SAFE, no throw by CF
Batting: RHB Manny Valadez 0-0: Called Strike
0-1: Foul Ball, location: 2F
0-2: Fly out, F7 (Flyball, 78S, EV 89.4 MPH)
Batting: RHB Mike Fritz 0-0: Ball
1-0: Ball
2-0: Ground out 4-3 (Groundball, 34, EV 96.3 MPH)
Bottom of the 5th over - 3 runs, 4 hits, 0 errors, 1 left on base; West Virginia 4 - Charleston 4
TOP OF THE 6TH
West Virginia Power batting - Pitching for Charleston RiverDogs : RHP Dan Sain
Batting: RHB Robert Valeriano 0-0: Foul Ball, location: 5FF
0-1: Foul Ball, location: 2F
0-2: Ball
1-2: Ground out 4-3 (Groundball, 4, EV 86.9 MPH)
Batting: RHB Brian Chisholm 0-0: Called Strike
0-1: Ball
1-1: SINGLE (Groundball, 4MD, EV 96.3 MPH)
Batting: RHB Ryan Fleming 0-0: Called Strike
0-1: Ball
1-1: Foul Ball, location: 2F
1-2: Foul Ball, location: 9LDF
1-2: Ball
2-2: Ball
3-2: Foul Ball, location: 7LMF
3-2: Base on Balls
Brian Chisholm to second
Batting: RHB Bryan Gibson 0-0: SINGLE (Groundball, 4MD, EV 106.3 MPH)
Brian Chisholm to third
Ryan Fleming to second
Runner from 3rd tries for Home, SAFE, throw by CF to home
Pitching: LHP Tim Williams
Batting: SHB Tom Marks 0-0: Called Strike
0-1: Foul Ball, location: 25F
0-2: Strikes out swinging
Batting: RHB Alex Cabrera 0-0: Ball
1-0: Foul Ball, location: 5F
1-1: Called Strike
1-2: Ball
2-2: Ball
3-2: SINGLE (Groundball, 6MS, EV 83.1 MPH) (infield hit)
Ryan Fleming to third
Bryan Gibson to second
Batting: RHB Jerry Evans 0-0: Ball
1-0: Foul Ball, location: 3SF
1-1: Fly out, F8 (Flyball, 8LS, EV 92.5 MPH)
Top of the 6th over - 1 run, 3 hits, 0 errors, 3 left on base; West Virginia 5 - Charleston 4
BOTTOM OF THE 6TH
Charleston RiverDogs batting - Pitching for West Virginia Power : RHP Ricky Olague
Batting: LHB Jerry Gonzalez 0-0: Swinging Strike
0-1: Called Strike
0-2: Strikes out swinging
Batting: LHB Jim Lohnes 0-0: Called Strike
0-1: Fly out, F5 (Line Drive, 56, EV 102.5 MPH)
Batting: RHB Justin Andrews 0-0: Ball
1-0: Fly out, F7 (Flyball, 7, EV 81.3 MPH)
Bottom of the 6th over - 0 runs, 0 hits, 0 errors, 0 left on base; West Virginia 5 - Charleston 4
TOP OF THE 7TH
West Virginia Power batting - Pitching for Charleston RiverDogs : LHP Tim Williams
Batting: RHB Jose Vidal 0-0: Ball
1-0: Called Strike
1-1: Ball
2-1: Ball
3-1: Base on Balls
Batting: RHB Jeremy Root 0-0: Called Strike
0-1: Ball
1-1: SINGLE (Flyball, 78S, EV 99.4 MPH)
Jose Vidal to second
Batting: RHB Robert Valeriano 0-0: Ball
1-0: Ball
2-0: Ball
3-0: Called Strike
3-1: SINGLE (Line Drive, 7S, EV 101.9 MPH)
Jose Vidal to third
Jeremy Root to second
Batting: RHB Brian Chisholm 0-0: Ball
1-0: Swinging Strike
1-1: Ball
2-1: Foul Ball, location: 7LDF
2-2: Strikes out swinging
Batting: RHB Ryan Fleming 0-0: Ball
Wild Pitch!
Jose Vidal scores
Jeremy Root to third
Robert Valeriano to second
1-0: Ball
2-0: Ground out 5-3 (Groundball, 5S, EV 89.4 MPH)
Batting: RHB Bryan Gibson 0-0: Ball
1-0: SINGLE (Groundball, 34D, EV 103.8 MPH)
Jeremy Root scores
Robert Valeriano to third
Runner from 3rd tries for Home, SAFE, throw by RF to home
Pitching: RHP Cody McIntosh
Batting: SHB Tom Marks 0-0: Called Strike
0-1: Foul Ball, location: 2F
0-2: Strikes out swinging
Top of the 7th over - 3 runs, 3 hits, 0 errors, 1 left on base; West Virginia 8 - Charleston 4
BOTTOM OF THE 7TH
Charleston RiverDogs batting - Pitching for West Virginia Power : RHP Ricky Olague
Batting: RHB Jim Taylor 0-0: Fly out, F9 (Flyball, 89D, EV 110.6 MPH)
Pinch Hitting: RHB Josiah Berry 0-0: Foul Ball, location: 2F
0-1: Ground out U3 (Groundball, 3, EV 90.6 MPH)
Pinch Hitting: RHB Brett Bresnahan 0-0: Ball
1-0: Foul Ball, location: 2F
1-1: Called Strike
1-2: Ball
2-2: Fly out, F9 (Flyball, 9, EV 96.9 MPH)
Bottom of the 7th over - 0 runs, 0 hits, 0 errors, 0 left on base; West Virginia 8 - Charleston 4
TOP OF THE 8TH
West Virginia Power batting - Pitching for Charleston RiverDogs : RHP Cody McIntosh
Now at SS: Chris Anderson
Now in CF: Josiah Berry
Batting: RHB Alex Cabrera 0-0: Ball
1-0: Called Strike
1-1: Foul Ball, location: 2F
1-2: Fly out, F8 (Flyball, 8RXD, EV 104.4 MPH)
Batting: RHB Jerry Evans 0-0: Foul Ball, location: 3F
0-1: Called Strike
0-2: Ball
1-2: Foul Ball, location: 9LDF
1-2: Ball
2-2: Ball
3-2: Foul Ball, location: 5F
3-2: Foul Ball, location: 5FF
3-2: Base on Balls
Batting: RHB Jose Vidal 0-0: Foul Ball, location: 3F
0-1: Ball
Wild Pitch!
Jerry Evans to second
1-1: Foul Ball, location: 9LSF
1-2: Fly out, F9 (Flyball, 9, EV 83.8 MPH)
Batting: RHB Jeremy Root 0-0: Ball
1-0: Swinging Strike
1-1: Ball
2-1: SINGLE (Groundball, 56S, EV 88.8 MPH)
Jerry Evans to third
Runner from 3rd tries for Home, SAFE, throw by LF to home
Jeremy Root to second
Pitching: RHP Luis Reyes
Batting: RHB Robert Valeriano 0-0: Ball
1-0: Ball
2-0: Foul Ball, location: 3F
2-1: SINGLE (Groundball, 56, EV 100.0 MPH) (infield hit)
Jeremy Root to third
Batting: RHB Brian Chisholm 0-0: Called Strike
0-1: Swinging Strike
0-2: Ball
1-2: Strikes out looking
Top of the 8th over - 1 run, 2 hits, 0 errors, 2 left on base; West Virginia 9 - Charleston 4
BOTTOM OF THE 8TH
Charleston RiverDogs batting - Pitching for West Virginia Power : RHP Ricky Olague
Batting: LHB Danny Beyer 0-0: Foul Ball, location: 25FF
0-1: SINGLE (Groundball, 6MD, EV 96.9 MPH)
Pitching: RHP Aaron Coughlin
Batting: RHB Manny Valadez 0-0: Called Strike
0-1: Ball
1-1: Swinging Strike
1-2: Grounds into double play, 6-4-3 (Groundball, 6, EV 99.4 MPH)
Batting: RHB Mike Fritz 0-0: Ground out 6-3 (Groundball, 6, EV 78.1 MPH)
Bottom of the 8th over - 0 runs, 1 hit, 0 errors, 0 left on base; West Virginia 9 - Charleston 4
TOP OF THE 9TH
West Virginia Power batting - Pitching for Charleston RiverDogs : RHP Luis Reyes
Batting: RHB Ryan Fleming 0-0: Ball
1-0: Ball
2-0: SINGLE (Line Drive, 56, EV 100.0 MPH)
Batting: RHB Bryan Gibson 0-0: Foul Ball, location: 3F
0-1: Foul Ball, location: 3F
0-2: Ball
1-2: Ball
2-2: Ball
3-2: Base on Balls
Ryan Fleming to second
Batting: SHB Tom Marks 0-0: Called Strike
0-1: Foul Ball, location: 2F
0-2: Ball
1-2: Fielders Choice at 2nd, 5-4 (Groundball, 56S, EV 85.0 MPH)
Ryan Fleming to third
Batting: RHB Alex Cabrera 0-0: Ball
Tom Marks is caught stealing 2nd base 2-4
1-0: Ball
2-0: Fly out, F7 (Line Drive, 78M, EV 94.4 MPH)
Top of the 9th over - 0 runs, 1 hit, 0 errors, 1 left on base; West Virginia 9 - Charleston 4
BOTTOM OF THE 9TH
Charleston RiverDogs batting - Pitching for West Virginia Power : RHP Aaron Coughlin
Batting: LHB Jerry Gonzalez 0-0: Called Strike
0-1: Swinging Strike
0-2: Ball
1-2: Strikes out swinging
Batting: LHB Jim Lohnes 0-0: SINGLE (Line Drive, 8LS, EV 90.0 MPH)
Batting: RHB Justin Andrews 0-0: SINGLE (Line Drive, 56, EV 106.9 MPH)
Jim Lohnes to second
Pinch Hitting: LHB Dale McCoubrey 0-0: Ball
1-0: Swinging Strike
1-1: Ball
2-1: Grounds into double play, 4-6-3 (Groundball, 4, EV 100.0 MPH)
Bottom of the 9th over - 0 runs, 2 hits, 0 errors, 1 left on base; West Virginia 9 - Charleston 4
Thursday, May 16th , 2024 - OOTP Baseball 24.11 Build 85